amy, neutral female human Ranger ------- |*!=(.-( |??.@@|# |?)?/m|# |?[?%.|# -------# # # # # # ### ### # -.-------- -.-------#### # `################## |......{<| #-........######### ### # # # +.....`..-##############|.......| # -.-------- |........| |.......+ |........| |........| --------- |.....(..| ---------- |........| |......... ---------- amy the Trailblazer Experience level: 6 Strength: 12 Dexterity: 13 Constitution: 14 Intelligence: 13 Wisdom: 13 Charisma: 8 Health: 0(38) Energy: 31(31) Def: 7 Gold: 332 Moves: 3053 Dungeon seed: gnQMZiRUxV4xcg3S Game ID: amy_1469665153 Your Inventory: Coins $ - 332 gold pieces Weapons a - an uncursed +1 dagger b - an uncursed +2 bow (weapon in hand) c - 47 uncursed +2 arrows (in quiver) d - 26 uncursed +0 arrows s - 9 blessed +1 arrows u - 8 uncursed +0 arrows J - 4 uncursed +0 daggers U - 3 blessed +1 daggers Armor e - an uncursed +2 cloak of displacement (being worn) n - an uncursed +0 dwarvish iron helm (being worn) q - an uncursed +0 pair of iron shoes (being worn) Comestibles f - an uncursed cram ration h - 3 uncursed food rations l - an uncursed lembas wafer H - 2 uncursed melons K - an uncursed pancake Scrolls v - a blessed scroll of enchant weapon B - a blessed scroll of light F - a blessed scroll of earth Q - 2 uncursed scrolls of blank paper R - an uncursed scroll of stinking cloud Potions i - an uncursed potion of confusion r - an uncursed potion of hallucination Z - an uncursed potion of healing Wands g - an uncursed wand of slow monster (0:3) A - a cursed wand of enlightenment (0:11) L - an uncursed wand of striking (0:4) Tools j - an uncursed towel X - 10 uncursed tallow candles (0:200) Spells and supernatural/magical abilities: Name Level Category Fail Memory W - pray for help -- divine ? -- Your skills at the end: Miscellaneous Skills wands [Basic] Weapon Skills dagger [Basic] bow [Basic] Spellcasting Skills Final Attributes: You were fervently aligned. You were poison resistant. You had automatic searching. You were displaced. You were held by a giant mimic. You are dead. Vanquished creatures: a soldier ant a fire ant a rock piercer a pony 2 yellow lights 5 gnome lords 3 gnomish wizards an elf zombie a ghoul a paper golem a giant ant 6 dwarves 2 iguanas a giant bat a wererat 2 killer bees a coyote a hobbit a gecko a hobgoblin a brown mold a yellow mold a green mold 19 gnomes 11 garter snakes 4 jackals a fox 4 newts 2 goblins 5 grid bugs 4 lichens 87 creatures vanquished. Voluntary challenges: You had followed a strict vegan diet until turn 2812. You had followed a strict vegetarian diet until turn 2812. You did not adorn yourself with jewelry or accessories. You had been an atheist until turn 2136. You used a wielded weapon 36 times, starting on turn 55. You did not apply a unicorn horn. You read items or engraved 3 times, starting on turn 2951. You never genocided any monsters. You never polymorphed an object. You never changed form. You used no wishes. You never split a pudding. You wrote Elbereth's name 2 times, starting on turn 3048. You violated your moral code, losing 5 points of alignment, starting on turn 1225. Dungeon overview: The Dungeons of Doom: levels 1 to 4 Level 1 some fountains a long staircase Level 2 some fountains Level 3 stairs to The Gnomish Mines Level 4 <- You were here a general store, a fountain The Gnomish Mines: levels 4 to 6 Level 4 stairs to The Dungeons of Doom Level 5 Level 6 some shops, a temple to Venus, a magic chest, some fountains History has recorded: On T:1 you entered the Dungeons of Doom to retrieve the Amulet of Yendor! On T:417 you reached level 2 of The Dungeons of Doom. On T:834 you reached level 3 of The Dungeons of Doom. On T:1079 you reached level 1 of The Gnomish Mines. On T:1088 you advanced to experience level 2. On T:1114 you advanced to experience level 3. On T:1181 you advanced to experience level 4. On T:1433 you reached level 2 of The Gnomish Mines. On T:1475 you advanced to experience level 5. On T:2201 you reached level 3 of The Gnomish Mines. On T:2246 you advanced to experience level 6. On T:2359 you entered the Minetown temple On T:2922 you reached level 4 of The Dungeons of Doom. Score breakdown: Gold: 332 ( 33 points) Experience: 6 levels ( 500 points) Exploration: 6 levels ( 150 points) Discoveries: 9 items ( 450 points) Variety of kills: 31 monsters ( 1550 points) Major goal: reached Minetown ( 500 points) Survival: died (score multiplied by 3) Total score: 9549 Latest messages: You write in the dust with your fingers. You cannot escape from the giant mimic! The giant mimic claws you! (2x) You hear water falling on coins. You add to the writing in the dust with your fingers. You shoot 2 arrows. The 1st arrow hits the giant mimic. You relinquish an uncursed +2 arrow and receive 11 gold pieces in compensation. The 2nd arrow hits the giant mimic! You relinquish an uncursed +2 arrow and receive 11 gold pieces in compensation. The arrow hits the giant mimic! You relinquish an uncursed +2 arrow and receive 11 gold pieces in compensation. You shoot 2 arrows. The 1st arrow hits the giant mimic! You relinquish an uncursed +2 arrow and receive 11 gold pieces in compensation. The 2nd arrow hits the giant mimic! You relinquish an uncursed +2 arrow and receive 11 gold pieces in compensation. The giant mimic claws you! (2x) You die... Manlobbi gratefully inherits all your possessions. Final status: Goodbye amy the Ranger, killed by a giant mimic... You died in The Dungeons of Doom on dungeon level 4 with 9549 points, and 332 pieces of gold, after 3053 moves. You were level 6 with a maximum of 38 hit points when you died.